 Dungeon Crawl Stone Soup version 0.25.0-46-gbd7b0854d2 (webtiles) character file.

Game seed: 6500861479429878910

104 Milting the Magician (level 4, -5/28 HPs)
             Began as an Octopode Transmuter on July 13, 2020.
             Slain by a gnoll
             ... wielding a +0 spear
              (6 damage)
             ... on level 3 of the Dungeon.
             The game lasted 00:05:56 (2720 turns).

Milting the Magician (Octopode Transmuter)          Turns: 2720, Time: 00:05:57

Health: -5/28      AC:  1    Str: 10    XL:     4   Next: 80%
Magic:  9/10       EV: 13    Int: 15    God:
Gold:   85         SH:  0    Dex: 12    Spells: 11/12 levels left

rFire    . . .     SeeInvis .     - Unarmed
rCold    . . .     Gourm    .   (no shield)
rNeg     . . .     Faith    .   (helmet restricted)
rPois    .         Spirit   .   (no amulet)
rElec    .         Reflect  .   (no ring)
rCorr    .         Harm     .   (no ring)
MR       .....                  (no ring)
Stlth    ++........             (no ring)
HPRegen  0.09/turn              (no ring)
MPRegen  0.12/turn              (no ring)
                                (no ring)
                                (no ring)

@: very slightly contaminated
A: almost no armour, stealthy swim, amphibious, 8 rings, constrict 8, camouflage
1, gelatinous body 1
a: no special abilities


You were on level 3 of the Dungeon.
You were not hungry.

You visited 1 branch of the dungeon, and saw 3 of its levels.

You collected 85 gold pieces.

Inventory:

Missiles
 a - 12 arrows
 i - 68 stones (quivered)
Scrolls
 d - 2 scrolls of identify {unknown}
 f - 2 scrolls of amnesia {unknown}
 g - 2 scrolls of enchant weapon {unknown}
 h - a scroll of noise {unknown}
 j - a scroll of remove curse {unknown}
 n - 2 scrolls of teleportation {unknown}
 o - a scroll of fear {unknown}
 p - a scroll of blinking {unknown}
Potions
 e - a potion of heal wounds {unknown}
 k - a potion of degeneration {unknown}
 l - a potion of cancellation {unknown}
 m - a potion of berserk rage {unknown}
 q - a potion of curing {unknown}
 r - a potion of ambrosia {unknown}
 s - 2 potions of magic {unknown}
Comestibles
 c - 4 rations


   Skills:
 - Level 1.0 Fighting
 - Level 2.0 Dodging
 - Level 3.0 Unarmed Combat
 + Level 4.5 Spellcasting
 - Level 2.0 Transmutations


You had 11 spell levels left.
You knew the following spells:

 Your Spells              Type           Power        Failure   Level  Hunger
a - Beastly Appendage     Tmut           #.....       8%          1    None

Your spell library contained the following spells:

 Spells                   Type           Power        Failure   Level  Hunger
 Sticks to Snakes         Tmut           #.......     12%         2    ##.....
 Spider Form              Tmut/Pois      #.........   34%         3    ###....
 Ice Form                 Ice/Tmut       #.......     75%         4    ####...
 Blade Hands              Tmut           #.........   91%         5    ######.


Dungeon Overview and Level Annotations

Branches:
Dungeon (3/15)

Altars:


Innate Abilities, Weirdness & Mutations

You cannot wear most types of armour.
You are very stealthy in the water. (Stealth+)
You are amphibious.
You can wear up to eight rings at the same time.
You can use your tentacles to constrict eight enemies at once.
Your skin changes colour to match your surroundings (Stealth+).
Your rubbery body absorbs attacks. (AC +1, EV +1)


Message History

Confirm with . or Enter, or press ? or * to list all spells.
You don't know that spell.
Casting: Beastly Appendage (safe; 8% risk of failure)
Confirm with . or Enter, or press ? or * to list all spells.
You miscast Beastly Appendage.
You are very lightly contaminated with residual magic.
Nothing appears to happen.
The gnoll shouts! x2
The gnoll closely misses you. The gnoll hits you with a +0 spear.
The gnoll closely misses you.
You closely miss the gnoll. Your grab misses the gnoll.
The gnoll hits you with a +0 spear!
The gnoll hits you from afar with a +0 spear!
You tentacle-slap the gnoll. You grab the gnoll.
The gnoll is heavily wounded.
You constrict the gnoll, but do no damage.
The gnoll hits you with a +0 spear!
* * * LOW HITPOINT WARNING * * *
The gnoll hits you from afar with a +0 spear.
You die...

# ..# ..#. #.#.# .##
#g#.# ..# #g#.# #.#
#g#.# # #.# #g#.#
#.#.# #@#.#####
#.###.#.#####.#.....#
#...............###.#
#.######..# #.#
######.#######.###.#
#..................#
#.####.#########.###
#.# #.# ######.####.#
#.# #.#
#............#


You could see 4 gnolls.

Vanquished Creatures
  A hound (D:3)
  3 adders (D:2)
  2 worms (D:2)
  2 dart slugs
  A leopard gecko (D:2)
  2 orcs (D:3)
  3 ball pythons (D:1)
  2 bats
  2 giant cockroaches (D:2)
  3 hobgoblins (D:1)
  3 jackals (D:2)
  4 kobolds
  4 frilled lizards
  A goblin (D:2)
  3 rats
36 creatures vanquished.

Notes
Turn   | Place    | Note
-------+----------+-------------------------------------------
     0 | D:1      | Milting the Octopode Transmuter began the quest for the
                  | Orb.
     0 | D:1      | Reached XP level 1. HP: 13/13 MP: 3/3
   372 | D:1      | Reached XP level 2. HP: 17/18 MP: 5/5
   966 | D:2      | Reached skill level 3 in Spellcasting
  1119 | D:2      | Reached XP level 3. HP: 23/23 MP: 7/7
  1930 | D:2      | Reached XP level 4. HP: 19/28 MP: 7/9
  1958 | D:2      | Reached skill level 4 in Spellcasting
  2720 | D:3      | HP: 1/28 [gnoll/+0 spear (10)]
  2720 | D:3      | Slain by a gnoll

Illustrated notes

Levels and vault maps discovered:
D:1:      minmay_arrival_split_and_join, layout_basic
D:2:      layout_loops_ring, first_ration, st_stairs_8
D:3:      layout_loops_ring

Skill      XL: |  1  2  3  4 |
---------------+-------------+-----
Spellcasting   | 3 4 |  4.5
Fighting       | |  1.0
Dodging        | |  2.0
Unarmed Combat | |  3.0
Transmutations | |  2.0

Action                   |  1- 3 |  4- 6 || total
-------------------------+-------+-------++-------
Melee: Unarmed           |    71 |    16 ||    87
       Constrict         |    23 |     5 ||    28
       Tentacles         |     9 |     3 ||    12
       Kick              |     7 |       ||     7
       Punch             |     1 |     1 ||     2
Throw: Stone             |     5 |     6 ||    11
 Cast: Beastly Appendage |     7 |     1 ||     8
 Stab: Sleeping          |     7 |     1 ||     8
  Eat: Chunk             |     3 |     3 ||     6
Armor: Skin              |     8 |     1 ||     9
Dodge: Dodged            |    49 |    13 ||    62
